PCL
DISTRICT 9 PRAWNS @ ALBUQUERQUE ISOTOPES
07/26/2025
 
TOP OF THE 1ST
District 9 Prawns batting - Pitching for Albuquerque Isotopes : RHP Nazih Kasib
Pitching: RHP Nazih Kasib
Batting: RHB Félix Sánchez 0-0: Ground out 6-3 (Groundball, 6)
Batting: LHB Pedro Gonzáles 0-0: Ball
1-0: Called Strike
1-1: Ball
2-1: DOUBLE (Flyball, 7D)
Batting: SHB Mark Pope 0-0: Ball
1-0: Ball
2-0: Swinging Strike
2-1: Ball
3-1: SINGLE (Flyball, 6MD)
Pedro Gonzáles to third
Runner from 3rd tries for Home, SAFE, no throw or cutoff
Batting: LHB José Flores 0-0: Ball
1-0: Foul Ball, location: 2F
1-1: Fly out, F7 (Flyball, 7D)
Batting: RHB Lateef Makini 0-0: Called Strike
0-1: Ball
1-1: Swinging Strike
1-2: Strikes out looking
Top of the 1st over - 1 run(s), 2 hit(s), 0 error(s), 1 left on base; District 9 1 - Albuquerque 0
BOTTOM OF THE 1ST
Albuquerque Isotopes batting - Pitching for District 9 Prawns : RHP António Benítez
Pitching: RHP António Benítez
Batting: RHB Pablo Sandoval 0-0: Called Strike
0-1: Ball
1-1: Fly out, F9 (Flyball, 89M)
Batting: SHB Edward Bartlett 0-0: Ball
1-0: Fly out, F5 (Popup, 5SF)
Batting: RHB Edward Young 0-0: Foul Ball, location: 2F
0-1: Called Strike
0-2: Foul Ball, location: 2F
0-2: Ball
1-2: Ball
2-2: Foul Ball, location: 2F
2-2: DOUBLE (Flyball, 7D)
Batting: SHB Lee Townsend 0-0: Ball
1-0: Ball
2-0: TRIPLE (Flyball, 7LD)
Edward Young scores
Batting: LHB Juan Carlos Sánchez 0-0: Swinging Strike
0-1: Ground out 4-3 (Groundball, 4)
Bottom of the 1st over - 1 run(s), 2 hit(s), 0 error(s), 1 left on base; District 9 1 - Albuquerque 1
TOP OF THE 2ND
District 9 Prawns batting - Pitching for Albuquerque Isotopes : RHP Nazih Kasib
Batting: LHB Leonard Young 0-0: Ball
1-0: Called Strike
1-1: Called Strike
1-2: Fly out, F8 (Line Drive, 8RD)
Batting: LHB Ralph Schultz 0-0: Ball
1-0: SINGLE (Line Drive, 4)
Batting: RHB Tony Guzmán 0-0: Called Strike
0-1: Grounds into double play, 4-6-3 (Groundball, 4M)
Top of the 2nd over - 0 run(s), 1 hit(s), 0 error(s), 0 left on base; District 9 1 - Albuquerque 1
BOTTOM OF THE 2ND
Albuquerque Isotopes batting - Pitching for District 9 Prawns : RHP António Benítez
Batting: LHB Luis Espinoza 0-0: Ball
1-0: Ball
2-0: Ball
3-0: Called Strike
3-1: Bunted foul
3-2: Foul Ball, location: 2F
3-2: Strikes out looking
Batting: RHB Luis Martínez 0-0: Ground out 6-3 (Groundball, 6)
Batting: RHB Dave Mullen 0-0: Ground out 6-3 (Groundball, 6MS)
Bottom of the 2nd over - 0 run(s), 0 hit(s), 0 error(s), 0 left on base; District 9 1 - Albuquerque 1
TOP OF THE 3RD
District 9 Prawns batting - Pitching for Albuquerque Isotopes : RHP Nazih Kasib
Batting: RHB Phil Jacobs 0-0: Called Strike
0-1: Foul Ball, location: 2F
0-2: Foul Ball, location: 2F
0-2: Ground out 1-3 (Groundball, 15)
Batting: RHB Félix Sánchez 0-0: Ball
1-0: Ball
2-0: SINGLE (Groundball, 56D)
Batting: LHB Pedro Gonzáles 0-0: Ball
1-0: Ball
2-0: Called Strike
2-1: SINGLE (Groundball, 4MD)
Félix Sánchez to second
Batting: SHB Mark Pope 0-0: Ball
1-0: Swinging Strike
1-1: Ball
2-1: Foul Ball, location: 2F
2-2: Ball
3-2: Grounds into double play, 6-4-3 (Groundball, 6M)
Top of the 3rd over - 0 run(s), 2 hit(s), 0 error(s), 1 left on base; District 9 1 - Albuquerque 1
BOTTOM OF THE 3RD
Albuquerque Isotopes batting - Pitching for District 9 Prawns : RHP António Benítez
Batting: RHB Juan Barrera 0-0: Swinging Strike
0-1: Fly out, F8 (Flyball, 8LS)
Batting: RHB Pablo Sandoval 0-0: Called Strike
0-1: Ball
1-1: Ball
2-1: Swinging Strike
2-2: Foul Ball, location: 2F
2-2: Ground out 4-3 (Groundball, 4S)
Batting: SHB Edward Bartlett 0-0: Ball
1-0: Ball
2-0: Ball
3-0: Called Strike
3-1: Foul Ball, location: 2F
3-2: Fly out, F9 (Flyball, 89S)
Bottom of the 3rd over - 0 run(s), 0 hit(s), 0 error(s), 0 left on base; District 9 1 - Albuquerque 1
TOP OF THE 4TH
District 9 Prawns batting - Pitching for Albuquerque Isotopes : RHP Nazih Kasib
Batting: LHB José Flores 0-0: Ball
1-0: Called Strike
1-1: Called Strike
1-2: Ball
2-2: Foul Ball, location: 2F
2-2: Foul Ball, location: 2F
2-2: Strikes out swinging
Batting: RHB Lateef Makini 0-0: Ball
1-0: Ground out 6-3 (Groundball, 6)
Batting: LHB Leonard Young 0-0: Called Strike
0-1: Ground out 6-3 (Groundball, 6MD)
Top of the 4th over - 0 run(s), 0 hit(s), 0 error(s), 0 left on base; District 9 1 - Albuquerque 1
BOTTOM OF THE 4TH
Albuquerque Isotopes batting - Pitching for District 9 Prawns : RHP António Benítez
Batting: RHB Edward Young 0-0: Ground out U3 (Groundball, 3)
Batting: SHB Lee Townsend 0-0: Ball
1-0: Called Strike
1-1: Foul Ball, location: 2F
1-2: Ball
2-2: Foul Ball, location: 2F
2-2: Ball
3-2: DOUBLE (Flyball, 89XD)
Batting: LHB Juan Carlos Sánchez 0-0: Foul Ball, location: 2F
0-1: 2-RUN HOME RUN (Flyball, 9D), Distance : 373 ft
Batting: LHB Luis Espinoza 0-0: Ground out 5-3 (Groundball, 56)
Batting: RHB Luis Martínez 0-0: Fly out, F8 (Flyball, 78D)
Bottom of the 4th over - 2 run(s), 2 hit(s), 0 error(s), 0 left on base; District 9 1 - Albuquerque 3
TOP OF THE 5TH
District 9 Prawns batting - Pitching for Albuquerque Isotopes : RHP Nazih Kasib
Batting: LHB Ralph Schultz 0-0: Ball
1-0: Ground out 4-3 (Groundball, 4)
Batting: RHB Tony Guzmán 0-0: Ball
1-0: Swinging Strike
1-1: Called Strike
1-2: Strikes out swinging
Batting: RHB Phil Jacobs Reached via error on a dropped throw, E1
Batting: RHB Félix Sánchez 0-0: Called Strike
0-1: Swinging Strike
0-2: Ball
1-2: Ground out 5-3 (Groundball, 15S)
Top of the 5th over - 0 run(s), 0 hit(s), 1 error(s), 1 left on base; District 9 1 - Albuquerque 3
BOTTOM OF THE 5TH
Albuquerque Isotopes batting - Pitching for District 9 Prawns : RHP António Benítez
Batting: RHB Dave Mullen 0-0: Ball
1-0: Fly out, F9 (Flyball, 9S)
Batting: RHB Juan Barrera 0-0: Foul Ball, location: 2F
0-1: Foul Ball, location: 2F
0-2: Ground out 4-3 (Groundball, 4)
Batting: RHB Pablo Sandoval 0-0: Fly out, F8 (Flyball, 8RS)
Bottom of the 5th over - 0 run(s), 0 hit(s), 0 error(s), 0 left on base; District 9 1 - Albuquerque 3
TOP OF THE 6TH
District 9 Prawns batting - Pitching for Albuquerque Isotopes : RHP Nazih Kasib
Batting: LHB Pedro Gonzáles 0-0: Ball
1-0: Ball
2-0: DOUBLE (Line Drive, 89XD)
Batting: SHB Mark Pope 0-0: Ball
1-0: Foul Ball, location: 2F
1-1: Foul Ball, location: 2F
1-2: Foul Ball, location: 2F
1-2: DOUBLE (Groundball, 5L)
Pedro Gonzáles scores
Batting: LHB José Flores 0-0: Ball
1-0: Ball
2-0: Called Strike
2-1: Swinging Strike
2-2: Ball
3-2: Foul Ball, location: 2F
3-2: Base on Balls
Batting: RHB Lateef Makini 0-0: Ball
1-0: Ball
2-0: Ball
3-0: Called Strike
3-1: Called Strike
3-2: DOUBLE (Groundball, 5L)
Mark Pope scores
José Flores to third
Runner from 3rd tries for Home, SAFE, throw made at trailing runner, SAFE at third!
Batting: LHB Leonard Young 0-0: Intentional Walk
Batting: LHB Ralph Schultz 0-0: Ball
1-0: Ground out 3-1 (Groundball, 34S)
Lateef Makini scores
Leonard Young to second
Batting: RHB Tony Guzmán 0-0: Called Strike
0-1: Fly out, F9 (Flyball, 9M)
Batting: RHB Phil Jacobs 0-0: Called Strike
0-1: Ground out 1-3 (Groundball, 15)
Top of the 6th over - 4 run(s), 3 hit(s), 0 error(s), 1 left on base; District 9 5 - Albuquerque 3
BOTTOM OF THE 6TH
Albuquerque Isotopes batting - Pitching for District 9 Prawns : RHP António Benítez
Batting: SHB Edward Bartlett 0-0: Ball
1-0: SINGLE (Line Drive, 4D)
Batting: RHB Edward Young 0-0: Ball
1-0: Called Strike
Edward Bartlett steals 2nd base
1-1: Foul Ball, location: 2F
1-2: Strikes out looking
Batting: SHB Lee Townsend 0-0: Called Strike
0-1: Foul Ball, location: 2F
0-2: Foul Ball, location: 2F
0-2: DOUBLE (Line Drive, 89D)
Edward Bartlett scores
Batting: LHB Juan Carlos Sánchez 0-0: Ball
1-0: 2-RUN HOME RUN (Flyball, 9LD), Distance : 369 ft
Pitching: LHP Pedro Valdés
Batting: LHB Luis Espinoza 0-0: Called Strike
0-1: Foul Ball, location: 2F
0-2: Foul Ball, location: 2F
0-2: Ball
1-2: Strikes out swinging
Batting: RHB Luis Martínez 0-0: Called Strike
0-1: Swinging Strike
0-2: Ball
1-2: Ball
2-2: Ball
3-2: Strikes out swinging
Bottom of the 6th over - 3 run(s), 3 hit(s), 0 error(s), 0 left on base; District 9 5 - Albuquerque 6
TOP OF THE 7TH
District 9 Prawns batting - Pitching for Albuquerque Isotopes : RHP Nazih Kasib
Batting: RHB Félix Sánchez 0-0: SOLO HOME RUN (Flyball, 7D), Distance : 380 ft
Pitching: RHP Shiki Kanno
Batting: LHB Pedro Gonzáles 0-0: Fly out, F7 (Line Drive, 7M)
Batting: SHB Mark Pope 0-0: Called Strike
0-1: Foul Ball, location: 2F
0-2: Ball
1-2: Ball
2-2: Ground out 1-3 (Groundball, 13S)
Batting: LHB José Flores 0-0: Ball
1-0: Called Strike
1-1: Ball
2-1: Ball
3-1: Foul Ball, location: 2F
3-2: Foul Ball, location: 2F
3-2: Foul Ball, location: 2F
3-2: Base on Balls
Pinch Hitting: LHB Ryan Hensley 0-0: 2-RUN HOME RUN (Flyball, 89XD), Distance : 408 ft
Batting: LHB Leonard Young 0-0: Called Strike
0-1: Foul Ball, location: 2F
0-2: Strikes out looking
Top of the 7th over - 3 run(s), 2 hit(s), 0 error(s), 0 left on base; District 9 8 - Albuquerque 6
BOTTOM OF THE 7TH
Albuquerque Isotopes batting - Pitching for District 9 Prawns : LHP Pedro Valdés
Now in RF: Pedro Padilla
Batting: RHB Dave Mullen 0-0: Called Strike
0-1: Called Strike
0-2: Ball
1-2: SINGLE (Groundball, 4D)
Batting: RHB Juan Barrera 0-0: Called Strike
0-1: Bunt missed!
0-2: Ball
1-2: Reached on error, E5 (Groundball, 5)
Dave Mullen to second
Batting: RHB Pablo Sandoval 0-0: Ball
1-0: Bunt missed!
1-1: Sac Bunt - play at third, runner OUT! 1-6
Juan Barrera to second
Batting: SHB Edward Bartlett 0-0: Ball
1-0: Foul Ball, location: 2F
1-1: Ball
2-1: Grounds into double play, 6-4-3 (Groundball, 6M)
Bottom of the 7th over - 0 run(s), 1 hit(s), 1 error(s), 1 left on base; District 9 8 - Albuquerque 6
TOP OF THE 8TH
District 9 Prawns batting - Pitching for Albuquerque Isotopes : RHP Shiki Kanno
Pitching: RHP Kenny Skinner
Batting: LHB Ralph Schultz 0-0: Ball
1-0: Ground out 4-3 (Groundball, 4)
Batting: RHB Tony Guzmán 0-0: Ground out 4-3 (Groundball, 4)
Batting: RHB Phil Jacobs 0-0: SINGLE (Groundball, 34)
Batting: RHB Félix Sánchez 0-0: Called Strike
0-1: Ball
1-1: Ball
2-1: Fielders Choice at 2nd, U6 (Groundball, 6M)
Top of the 8th over - 0 run(s), 1 hit(s), 0 error(s), 1 left on base; District 9 8 - Albuquerque 6
BOTTOM OF THE 8TH
Albuquerque Isotopes batting - Pitching for District 9 Prawns : LHP Pedro Valdés
Batting: RHB Edward Young 0-0: Ground out 6-3 (Groundball, 6)
Pitching: RHP Johnathan McJannett
Batting: SHB Lee Townsend 0-0: Called Strike
0-1: Called Strike
0-2: Foul Ball, location: 2F
0-2: Strikes out swinging
Batting: LHB Juan Carlos Sánchez 0-0: Foul Ball, location: 2F
0-1: Ball
1-1: Called Strike
1-2: Strikes out swinging
Bottom of the 8th over - 0 run(s), 0 hit(s), 0 error(s), 0 left on base; District 9 8 - Albuquerque 6
TOP OF THE 9TH
District 9 Prawns batting - Pitching for Albuquerque Isotopes : RHP Kenny Skinner
Batting: LHB Pedro Gonzáles 0-0: Ground out 4-3 (Groundball, 4)
Batting: SHB Mark Pope 0-0: Called Strike
0-1: Fly out, F8 (Flyball, 8LM)
Batting: LHB José Flores 0-0: Ball
1-0: Ground out 3-1 (Groundball, 34)
Top of the 9th over - 0 run(s), 0 hit(s), 0 error(s), 0 left on base; District 9 8 - Albuquerque 6
BOTTOM OF THE 9TH
Albuquerque Isotopes batting - Pitching for District 9 Prawns : RHP Johnathan McJannett
Pitching: RHP António García
Batting: LHB Luis Espinoza 0-0: Fly out, F5 (Popup, 5SF)
Batting: RHB Luis Martínez 0-0: Ball
1-0: Ball
2-0: Called Strike
2-1: Fly out, F8 (Flyball, 8RD)
Batting: RHB Dave Mullen 0-0: Foul Ball, location: 2F
0-1: Ball
1-1: Swinging Strike
1-2: Strikes out swinging
Bottom of the 9th over - 0 run(s), 0 hit(s), 0 error(s), 0 left on base; District 9 8 - Albuquerque 6
This league is powered by Out of the Park Baseball, the baseball management simulation game for PC, Mac and Linux
Tuesday, August 2nd, 2016 - OOTP Baseball 16.8 Build 38